 Dungeon Crawl Stone Soup version 0.30.0 (webtiles) character file.

Game seed: 1697569107432442921

144 Mangokaze the Ducker (level 5, -2/25 HPs)
             Began as a Felid Fighter on Sept 12, 2023.
             Was an Initiate of Makhleb.
             Slain by a hobgoblin (4 damage)
             ... on level 5 of the Dungeon.
             The game lasted 00:25:27 (3440 turns).

Mangokaze the Ducker (Felid Fighter)                Turns: 3440, Time: 00:25:28

Health: -2/25      AC:  1    Str: 12    XL:     5   Next: 5%
Magic:  9/9        EV: 19    Int:  9    God:    Makhleb [......]
Gold:   173        SH:  0    Dex: 16    Spells: 8/8 levels left
                                        Lives:  0   Deaths: 1

rFire   . .          .
                       - Unarmed
rCold   . . .        (shield unavailable)
rNeg    . . .        (body armour unavailable)
rPois   .            (helmet unavailable)
rElec   .            (cloak unavailable)
rCorr   .            (gloves unavailable)
SInv    +            (boots unavailable)
Will    .....        (no amulet)
Stlth   +            (no ring)
HPRegen 0.24/turn    (no ring)
MPRegen 0.11/turn

%: no passive effects
@: quick
A: very small, claws 1, fangs 3, see invisible, speed 1, shaggy fur 1, stealthy
paws, no weapons or thrown items, no armour, multi-lived, weak 1
a: Renounce Religion


You were on level 5 of the Dungeon.
You worshipped Makhleb.
Makhleb was noncommittal.
You visited 1 branch of the dungeon, and saw 5 of its levels.

You collected 173 gold pieces.

Inventory:

Jewellery
 a - a ring of ice
Scrolls
 c - a scroll of silence {unknown}
 d - 2 scrolls of enchant weapon {unknown}
 f - 2 scrolls of immolation {unknown}
 g - 2 scrolls of teleportation {unknown}
 i - a scroll of magic mapping {unknown}
 j - 2 scrolls of identify {unknown}
 l - a scroll of blinking {unknown}
 n - 2 scrolls of fog {unknown}
 o - a scroll of brand weapon {unknown}
 q - a scroll of poison {unknown}
 r - a scroll of vulnerability {unknown}
Potions
 b - a potion of berserk rage {unknown}
 h - a potion of brilliance {unknown}
 k - a potion of invisibility {unknown}
 p - a potion of lignification {unknown}
 s - a potion of attraction {unknown}


   Skills:
 + Level 4.1 Fighting
 + Level 5.4 Dodging
 + Level 4.9 Unarmed Combat
 + Level 2.2 Spellcasting
 + Level 0.7 Summonings
 + Level 1.2 Translocations


You had 8 spell levels left.
You didn't know any spells.
Your spell library contained the following spells:

 Spells                   Type           Power      Damage    Failure   Level
 Slow                     Hex            4%         N/A       32%         1
 Vhi's Electric Charge    Tloc/Air       4%         N/A       58%         3
 Confusing Touch          Hex            1%         N/A       69%         3
 Vampiric Draining        Necr           1%         2d6       69%         3
 Arcjolt                  Conj/Air       0%         1d10      100%        5
 Plasma Beam              Fire/Air       0%         2x1d11    100%        6


Dungeon Overview and Level Annotations

Branches:
Dungeon (5/15)
 Temple: D:4-7

Altars:
Makhleb
Trog
Vehumet


Innate Abilities, Weirdness & Mutations

You have sharp claws.
You have razor-sharp teeth.
You have supernaturally acute eyesight. (SInv)
You cover ground quickly. (Speed+)
You are covered in fur. (AC +1)
Your paws help you pounce on unaware monsters.
You are incapable of wielding weapons or throwing items.
You cannot wear armour.
You gain extra lives every three experience levels.
You are weak. (Str -2)


Message History

You kill the howler monkey!
Makhleb accepts your kill. The orc hits you with a +0 club.
Your Translocations skill increases to level 1!
Welcome back to level 5!
The orc closely misses you. The orc closely misses you.
You claw the orc!
You kill the orc!
Makhleb accepts your kill.
You see here a +0 club.
You start resting.
HP restored.
There is a stone staircase leading up, spattered with blood here.
You climb upwards.
The hobgoblin shouts!
The orc shouts!
You hear an angry hiss.
The kobold misses you. The orc hits you with a +0 whip.
There is a stone staircase leading down here.
The kobold hits you with a +0 short sword.
The hobgoblin hits you. The orc misses you.
The orc wizard casts a spell.
The orc wizard flickers and vanishes for a moment.
The orc hits you with a +0 whip. The jackal misses you.
You climb downwards.
There is a stone staircase leading up, spattered with blood here.
You are too injured to fight recklessly!
You are too injured to fight recklessly!
You are too injured to fight recklessly!
You are too injured to fight recklessly!
You scratch the orc. Your bite misses the orc.
The orc is heavily wounded.
The orc hits you with a +0 flail!
* * * LOW HITPOINT WARNING * * *
The orc barely misses you. The kobold barely misses you.
The hobgoblin barely misses you.
You claw the orc!
You kill the orc!
Makhleb accepts your kill. The orc misses you. The kobold misses you.
The hobgoblin hits you.
You die...

#...........
#...........
#........../
...........
#..........
#..........
#.oK.......
#g@.......
#).)......
##........
#........
####...##
#..# ..# ..#
..


You could see an orc, a hobgoblin and a kobold.

Vanquished Creatures
  A howler monkey (D:5)
  A crimson imp (D:3)
  Natasha (D:3)
  4 gnolls (D:3)
  2 adders
  3 dart slugs
  5 orcs
  4 ball pythons
  4 bats
  7 endoplasms
  7 goblins
  8 hobgoblins
  16 jackals
  5 kobolds
  4 quokkas
  2 frilled lizards
  5 rats
79 creatures vanquished.

Notes
Turn   | Place    | Note
-------+----------+-------------------------------------------
     0 | D:1      | Mangokaze the Felid Fighter began the quest for the Orb.
     0 | D:1      | Reached XP level 1. HP: 10/10 MP: 2/2
    63 | D:1      | Reached XP level 2. HP: 14/14 MP: 3/3
   480 | D:1      | Reached skill level 1 in Spellcasting
   561 | D:1      | Reached XP level 3. HP: 17/17 MP: 5/5
  1751 | D:3      | Reached XP level 4. HP: 4/21 MP: 7/7
  1906 | D:3      | Found a bloodstained altar of Trog.
  2144 | D:4      | Noticed a scorpion
  2663 | D:3      | Reached skill level 5 in Dodging
  2861 | D:3      | Noticed Natasha
  2867 | D:3      | Killed Natasha
  2868 | D:3      | Reached XP level 5. HP: 19/25 MP: 7/9
  3176 | D:3      | Found a radiant altar of Vehumet.
  3189 | D:3      | Found a burning altar of Makhleb.
  3231 | D:3      | Became a worshipper of Makhleb the Destroyer
  3377 | D:4      | Gained mutation: You are weak. (Str -2) [potion of
                  | mutation]
  3380 | D:4      | HP: 1/25 [poisoned by a scorpion]
  3381 | D:4      | Succumbed to a scorpion's poison
  3382 | D:4      | Reached XP level 4. HP: 0/22 MP: 8/8
  3394 | D:5      | Entered Level 5 of the Dungeon
  3400 | D:5      | Reached skill level 1 in Translocations
  3400 | D:5      | Reached XP level 5. HP: 17/25 MP: 9/9
  3440 | D:5      | Slain by a hobgoblin

Illustrated notes

Levels and vault maps discovered:
D:1:      minmay_arrival_nine_rooms, layout_loops_ring
D:2:      layout_loops_ring, minmay_indecisive_spiral
D:3:      layout_basic, grunt_temple_overflow_lords_of_destruction,
          mainiacjoe_overflow_catwalk, minmay_puff, uniq_natasha
D:4:      layout_cave_pools, portal_sewer_entry_b
D:5:      layout_cave_pods, nicolae_temple_entry_ecumenical, serial_shops, shop

Skill      XL: |  1  2  3  4  5 |
---------------+----------------+-----
Spellcasting   | 1 2 |  2.2
Dodging        | 5 |  5.4
Fighting       | 4 |  4.1
Translocations | 1 |  1.2
Unarmed Combat | |  4.9
Summonings     | |  0.7

Action                     |  1- 3 |  4- 6 || total
---------------------------+-------+-------++-------
  Melee: Unarmed           |   115 |    98 ||   213
         Punch             |     4 |     3 ||     7
         Bite              |     8 |    11 ||    19
    Use: Potion            |     3 |     1 ||     4
         Scroll            |       |     1 ||     1
   Stab: Sleeping          |     2 |     1 ||     3
         Distracted        |       |     1 ||     1
 Armour: Skin              |     3 |     1 ||     4
  Dodge: Dodged            |   122 |    81 ||   203
